 Dungeon Crawl Stone Soup version 0.27.0-1-g7a089689b8 (webtiles) character file.

Game seed: 15296703036268408494

54 Leibowitz the Poker (level 3, 0/45 HPs)
             Began as a Merfolk Berserker on Aug 7, 2021.
             Was a Believer of Trog.
             Slain by a gnoll (4 damage)
             ... on level 1 of the Dungeon.
             The game lasted 00:03:55 (1717 turns).

Leibowitz the Poker (Merfolk Berserker)             Turns: 1717, Time: 00:03:55

Health: 0/45       AC: 10    Str: 18    XL:     3   Next: 91%
Magic:  3/3        EV: 12    Int:  6    God:    Trog [**....]
Gold:   66         SH:  0    Dex: 13    Spells: 2/2 levels left

rFire    . . .     SeeInvis .   a - +0 trident (protect)
rCold    . . .     Faith    .   (no shield)
rNeg     . . .     Spirit   .   j - +0 leather armour
rPois    .         Reflect  .   (no helmet)
rElec    .         Harm     .   (no cloak)
rCorr    .         Rampage  .   (no gloves)
Will     .....                  (no boots)
Stlth    ..........             (no amulet)
HPRegen  0.15/turn              (no ring)
MPRegen  0.08/turn              (no ring)

@: berserking, under a protective aura, very quick
A: (nimble swimmer 2), mertail
a: Renounce Religion, Berserk, Trog's Hand


You were on level 1 of the Dungeon.
You worshipped Trog.
Trog was pleased with you.
You visited 1 branch of the dungeon, and saw 2 of its levels.

You collected 66 gold pieces.

Inventory:

Hand Weapons
 a - a +0 trident of protection (weapon)
Armour
 j - a +0 leather armour (worn)
Scrolls
 b - a scroll of identify {unknown}
 d - a scroll of holy word {unknown}
 e - 2 scrolls of amnesia {unknown}
 g - a scroll of teleportation {unknown}
 h - a scroll of noise {unknown}
Potions
 c - a potion of lignification {unknown}
 f - a potion of resistance {unknown}
 i - a potion of heal wounds {unknown}
 k - a potion of curing {unknown}
 l - a potion of berserk rage {unknown}


   Skills:
 * Level 3.9 Fighting
 * Level 5.6 Polearms
 + Level 1.5 Armour
 * Level 3.3 Dodging


You had 2 spell levels left.
You didn't know any spells.
Your spell library was empty.

Dungeon Overview and Level Annotations

Branches:
Dungeon (2/15)

Altars:


Innate Abilities, Weirdness & Mutations

((You are quick and stealthy near water. (Stealth+, EV+, Speed+++)))
Your lower body shifts to a powerful aquatic tail in water.


Message History

The gnoll shouts!
A gnoll comes into view. It is wielding a +0 spear.
The gnoll hits you with a +0 whip.
You barely miss the gnoll. The gnoll hits you with a +0 whip!
You puncture the gnoll!
Your weapon exudes an aura of protection.
The gnoll is severely wounded.
The gnoll barely misses you.
You closely miss the gnoll.
The gnoll is severely wounded.
The gnoll barely misses you. x2; The gnoll hits you but does no damage.
You barely miss the gnoll.
The gnoll is severely wounded.
The gnoll hits you with a +0 club. The gnoll closely misses you.
The gnoll hits you from afar with a +0 spear.
* * * LOW HITPOINT WARNING * * *
The gnoll hits you with a +0 whip!
* * * LOW HITPOINT WARNING * * *
There is a stone staircase leading up here.
The gnoll misses you.
You climb upwards.
There is a stone staircase leading down here.
A red film seems to cover your vision as you go berserk!
You feel yourself moving faster!
You feel mighty! The gnoll hits you with a +0 club.
* * * LOW HITPOINT WARNING * * *
You completely miss the gnoll. The gnoll barely misses you.
You puncture the gnoll!
Your weapon exudes an aura of protection.
The gnoll is severely wounded.
The gnoll closely misses you.
You barely miss the gnoll.
The gnoll is severely wounded.
You barely miss the gnoll.
The gnoll is severely wounded.
The gnoll hits you but does no damage.
You closely miss the gnoll.
The gnoll is severely wounded.
The gnoll hits you with a +0 club.
You die...

##.....##.........##.)..##
##.............†#...).#..##
#.............##.#.###.##.#
#............##.⌠.###.8.##.
#...........####.###.#.####
#...........#.###.#.#.#.#.#
#..........#.⌠.###.8.###.⌠.
#.........g.#.#.###.#.#.#.#
##......>.@.####.#.###÷####
##.....##...##.8.###.8)##.
#########...##.###.#.##.#
##....#.....#..##
##...........##
##.....#...## ###########


You could see a gnoll.

Vanquished Creatures
  A worm (D:2)
  A dart slug (D:1)
  5 endoplasms
  4 goblins
  4 hobgoblins
  10 jackals
  3 kobolds (D:1)
  A quokka (D:2)
  4 ball pythons
  4 bats
  4 frilled lizards
  2 rats (D:2)
43 creatures vanquished.

Notes
Turn   | Place    | Note
-------+----------+-------------------------------------------
     0 | D:1      | Leibowitz the Merfolk Berserker began the quest for the
                  | Orb.
     0 | D:1      | Reached XP level 1. HP: 18/18 MP: 1/1
     4 | D:1      | Noticed a minotaur skeleton
   320 | D:1      | Reached XP level 2. HP: 22/24 MP: 2/2
   504 | D:1      | Reached skill level 5 in Polearms
   800 | D:1      | Reached XP level 3. HP: 20/30 MP: 3/3
  1475 | D:2      | Reached ** piety under Trog
  1717 | D:1      | Slain by a gnoll

Illustrated notes

Levels and vault maps discovered:
D:1:      shiori_arrival_whats_in_store_for_you, layout_rooms,
          grunt_decor_mini_mirrors
D:2:      layout_loops_ring, minmay_octomino_c4

Skill      XL: |  1  2 |
---------------+-------+-----
Dodging        | 3 |  3.3
Polearms       | 5 |  5.6
Fighting       | |  3.9
Armour         | |  1.5

Action                   || total
-------------------------++-------
Melee: Spear             ||   152
       Trident           ||     9
Invok: Berserk           ||     1
 Stab: Sleeping          ||     2
Armor: Animal skin       ||    24
       Leather armour    ||    10
Dodge: Dodged            ||   109
